 Dungeon Crawl Stone Soup version 0.25.0-9-g26727b657a (webtiles) character file.

Game seed: 13128614614233686146

10070 HoaS the Cruncher (level 11, -1/76 HPs)
             Began as a Gargoyle Gladiator on June 19, 2020.
             Was a High Priest of Makhleb.
             Slain by a cyclops (22 damage)
             ... on level 11 of the Dungeon.
             The game lasted 00:27:58 (10264 turns).

HoaS the Cruncher (Gargoyle Gladiator)             Turns: 10264, Time: 00:27:59

Health: -1/76      AC: 27    Str: 21    XL:     11   Next: 56%
Magic:  11/11      EV:  6    Int:  9    God:    Makhleb [*****.]
Gold:   2200       SH:  0    Dex: 11    Spells: 6/10 levels left

rFire    + . .     SeeInvis .   a - +3 quarterstaff
rCold    . . .     Gourm    .   (shield currently unavailable)
rNeg     + + .     Faith    .   w - +0 plate armour
rPois    ∞         Spirit   .   c - +2 helmet
rElec    +         Reflect  .   y - +2 cloak
rCorr    .         Harm     .   (no gloves)
MR       .....                  t - +2 pair of boots
Stlth    ..........             (no amulet)
HPRegen  0.22/turn              i - ring of protection from fire
MPRegen  0.12/turn              v - ring of positive energy

@: studying Armour
A: negative energy resistance 1, electricity resistance, unbreathing,
petrification resistance, rot immunity, AC +8
a: Minor Destruction, Lesser Servant of Makhleb, Major Destruction, Greater
Servant of Makhleb, Renounce Religion


You were on level 11 of the Dungeon.
You worshipped Makhleb.
Makhleb was extremely pleased with you.
You were not hungry.

You visited 1 branch of the dungeon, and saw 11 of its levels.

You collected 2900 gold pieces.
You spent 700 gold pieces at shops.

Inventory:

Hand Weapons
 a - a +3 quarterstaff (weapon)
Missiles
 d - 5 throwing nets (quivered)
 g - 5 poisoned darts
 m - 9 boomerangs of dispersal
 n - 20 curare-tipped darts
 q - 9 boomerangs
 u - 6 javelins
Armour
 c - a +2 helmet (worn)
 t - a +2 pair of boots (worn)
 w - a +0 plate armour (worn)
 y - a +2 cloak (worn)
Jewellery
 i - a ring of protection from fire (left hand)
 l - a cursed ring of fire
 p - an uncursed ring of stealth
 v - a ring of positive energy (right hand)
Wands
 b - a wand of disintegration (12)
 z - a wand of random effects (11)
 A - a wand of iceblast (7)
Scrolls
 h - 7 scrolls of teleportation
 j - 9 scrolls of identify
Potions
 e - 3 potions of lignification
 k - 4 potions of resistance
 o - 3 potions of stabbing
 s - 2 potions of mutation
Books
 x - a manual of Armour
Miscellaneous
 B - a lightning rod (4/4)
Comestibles
 f - 21 rations
 D - 7 chunks of flesh


   Skills:
 + Level 11.8 Fighting
 - Level 14.0 Staves
 - Level 1.7 Throwing
 - Level 2.4 Dodging


You had 6 spell levels left.
You knew the following spells:

 Your Spells              Type           Power        Failure   Level  Hunger
a - Leda's Liquefaction   Hex/Erth       #.........   100%        4    #####..

Your spell library contained the following spells:

 Spells                   Type           Power        Failure   Level  Hunger
 Corona                   Hex            #......      100%        1    ##.....
 Infusion                 Chrm           #...         100%        1    ##.....
 Magic Dart               Conj           #...         100%        1    ##.....
 Blink                    Tloc           N/A          100%        2    ###....
 Call Imp                 Summ           #.......     100%        2    ###....
 Ensorcelled Hibernation  Hex/Ice        #.....       100%        2    ###....
 Shroud of Golubria       Chrm/Tloc      #.....       100%        2    ###....
 Slow                     Hex            #.......     100%        2    ###....
 Song of Slaying          Chrm           #.......     100%        2    ###....
 Confusing Touch          Hex            #.......     100%        3    ####...
 Conjure Flame            Conj/Fire      #.......     100%        3    ####...
 Dazzling Flash           Conj/Hex       #.....       100%        3    ####...
 Gell's Gravitas          Tloc           #.........   100%        3    ####...
 Inner Flame              Hex/Fire       #.......     100%        3    ####...
 Mephitic Cloud           Conj/Pois/Air  #.......     100%        3    ####...
 Ozocubu's Armour         Chrm/Ice       #.......     100%        3    ####...
 Portal Projectile        Hex/Tloc       #.....       100%        3    ####...
 Spectral Weapon          Hex/Chrm       #.......     100%        3    ####...
 Tukima's Dance           Hex            #.......     100%        3    ####...
 Cause Fear               Hex            #.........   100%        4    #####..
 Petrify                  Tmut/Erth      #.......     100%        4    #####..
 Metabolic Englaciation   Hex/Ice        #.........   100%        5    ######.
 Yara's Violent Unravell  Hex/Tmut       #.........   100%        5    ######.


Dungeon Overview and Level Annotations

Branches:
Dungeon (11/15)            Temple (0/1) D:5            Lair (0/6) D:8
    Orc (0/2) D:10

Altars:
Ashenzari
Fedhas
Gozag
Makhleb
Okawaru
Vehumet
Xom
Yredelemnul
The Shining One

Shops:
D:4 ?   D:5 (   D:9 ?   D:10 (?


Innate Abilities, Weirdness & Mutations

You are resistant to torment.
Your stone body is resilient. (AC +8)
You are immune to poison.
You resist negative energy. (rN+)
You are resistant to electric shocks. (rElec)
You can survive without breathing.
You are immune to petrification.
You are immune to rotting.


Message History

You see here a large rock.
You are too injured to fight recklessly!
You feel better.
The cyclops throws a large rock.
The large rock barely misses you. The cyclops hits you!!
Your plate armour prevents you from hitting the cyclops.
You sock the cyclops!
The cyclops is moderately wounded.
The cyclops hits you.
You thump the cyclops!
The cyclops is heavily wounded.
You hit the cyclops.
The cyclops is heavily wounded.
The cyclops hits you but does no damage.
You sock the cyclops!
The cyclops is severely wounded.
You completely miss the cyclops.
The cyclops is severely wounded.
The cyclops hits you!!
You die...

.......####### .......#
.......# .<.....#
.......#
.......#################
............(...[.......
######..................
# #..##......@C......
######..##....####...##.
........##........ ..#
.................. ...
################## ###


You could see a cyclops.

Vanquished Creatures
  2 two-headed ogres
  An unseen horror (D:9)
  Maggie (D:7)
  A queen bee (D:9)
  The ghost of Skimidon the Chopper, an amateur HOFi (D:6)
  A troll (D:10)
  A hornet (D:11)
  Grinder (D:3)
  A hippogriff (D:7)
  3 chaos spawn (D:9)
  2 steam dragons
  Edmund (D:5)
  5 orc warriors
  A phantom (D:9)
  A black bear (D:9)
  2 ice beasts
  A sky beast (D:10)
  3 ogres
  A centaur (D:5)
  A crocodile (D:8)
  A big kobold (D:7)
  Blork the orc (D:5)
  6 bullfrogs
  3 gnoll sergeants
  A wyvern skeleton (D:10)
  5 scorpions
  26 killer bees
  3 wights (D:8)
  6 howler monkeys
  7 crimson imps
  2 bullfrog zombies
  2 hounds
  2 orc priests
  2 gnoll shamans
  A jelly (D:8)
  2 centaur skeletons
  Jessica (D:3)
  8 iguanas
  19 orc wizards
  10 worker ants
  A hound skeleton (D:9)
  A worker ant zombie (D:8)
  12 adders
  18 gnolls
  3 shadow imps
  2 oozes
  4 adder skeletons
  2 worms (D:2)
  A dart slug (D:2)
  9 leopard geckos
  47 orcs
  A ball python (D:3)
  3 bats
  9 giant cockroaches
  7 hobgoblins
  8 jackals
  7 quokkas
  7 frilled lizards
  6 goblins
  A jackal zombie (D:7)
  15 kobolds
  11 rats
314 creatures vanquished.

Vanquished Creatures (others)
  A jelly (D:5)
  3 plants (D:6)
4 creatures vanquished.

Grand Total: 318 creatures vanquished

Notes
Turn   | Place    | Note
-------+----------+-------------------------------------------
     0 | D:1      | HoaS the Gargoyle Gladiator began the quest for the Orb.
     0 | D:1      | Reached XP level 1. HP: 12/12 MP: 1/1
    33 | D:1      | Reached XP level 2. HP: 9/18 MP: 2/2
   413 | D:1      | Reached XP level 3. HP: 19/22 MP: 3/3
   517 | D:1      | You fall into a shaft and drop 1 floor!
   663 | D:2      | Found a burning altar of Makhleb.
   673 | D:2      | Reached skill level 4 in Staves
   728 | D:2      | Reached XP level 4. HP: 11/28 MP: 4/4
  1393 | D:1      | Reached XP level 5. HP: 31/32 MP: 5/5
  1853 | D:3      | Reached skill level 5 in Staves
  1902 | D:2      | Became a worshipper of Makhleb the Destroyer
  2041 | D:3      | Noticed Grinder
  2045 | D:3      | Paralysed by Grinder for 2 turns
  2071 | D:3      | Killed Grinder
  2071 | D:3      | Reached skill level 6 in Staves
  2071 | D:3      | Reached XP level 6. HP: 26/39 MP: 6/6
  2301 | D:3      | Reached * piety under Makhleb
  2315 | D:3      | Noticed Jessica
  2344 | D:3      | Reached XP level 7. HP: 41/44 MP: 7/7
  2359 | D:3      | Killed Jessica
  2735 | D:4      | Reached skill level 5 in Fighting
  2799 | D:4      | Found Xohid's Magic Scroll Shop.
  2931 | D:4      | Reached skill level 7 in Staves
  3541 | D:5      | Entered Level 5 of the Dungeon
  3559 | D:5      | Found Lozoal's Weapon Shop.
  3824 | D:5      | Noticed Blork the orc
  3829 | D:5      | Killed Blork the orc
  4156 | D:5      | Noticed Edmund
  4169 | D:5      | Killed Edmund
  4169 | D:5      | Reached skill level 8 in Staves
  4169 | D:5      | Reached XP level 8. HP: 15/51 MP: 8/8
  4419 | D:5      | Reached ** piety under Makhleb
  4679 | D:5      | Found a staircase to the Ecumenical Temple.
  5030 | D:6      | Found a transporter.
  5031 | D:6      | Found a transporter.
  5041 | D:6      | Identified the +6 scale mail of a wizard's laboratory
                  | {*Corrode Str+4 Dex+7}
  5041 | D:6      | Identified the +3 buckler of Courage {Harm +Blink rElec
                  | MP-9}
  5078 | D:6      | Reached skill level 9 in Staves
  5305 | D:6      | Noticed Skimidon's ghost (amateur HOFi)
  5387 | D:7      | Noticed a hippogriff
  5407 | D:7      | Killed a hippogriff
  5407 | D:7      | Reached XP level 9. HP: 45/57 MP: 9/9
  5468 | D:7      | Reached skill level 10 in Staves
  5531 | D:7      | Noticed Maggie
  5549 | D:7      | Killed Maggie
  5851 | D:7      | Reached *** piety under Makhleb
  5950 | D:7      | Found a blossoming altar of Fedhas.
  6019 | D:7      | Reached skill level 11 in Staves
  6538 | D:8      | Found a shattered altar of Ashenzari.
  6673 | D:8      | Found an iron altar of Okawaru.
  6729 | D:8      | Found an opulent altar of Gozag.
  6770 | D:8      | Reached XP level 10. HP: 66/66 MP: 10/10
  6799 | D:8      | Found a radiant altar of Vehumet.
  6871 | D:8      | Noticed a two-headed ogre
  6894 | D:8      | Killed a two-headed ogre
  6902 | D:8      | Reached skill level 12 in Staves
  6921 | D:8      | Found a staircase to the Lair.
  7058 | D:9      | Reached **** piety under Makhleb
  7167 | D:9      | Found a basalt altar of Yredelemnul.
  7223 | D:9      | Reached skill level 10 in Fighting
  7292 | D:9      | Found a shimmering altar of Xom.
  7293 | D:9      | Found the +7 mace of Variability {chain chaos}
  7558 | D:9      | Reached skill level 13 in Staves
  7594 | D:9      | Found a glowing golden altar of the Shining One.
  7988 | D:9      | Found Saos's Magic Scroll Shoppe.
  8042 | D:9      | Killed an unseen horror
  8042 | D:9      | Reached XP level 11. HP: 68/73 MP: 11/11
  8193 | D:4      | Bought a scroll of acquirement for 520 gold pieces
  8354 | D:9      | Bought a scroll of enchant armour for 90 gold pieces
  8354 | D:9      | Bought a scroll of enchant armour for 90 gold pieces
  8716 | D:6      | Killed Skimidon's ghost
  8952 | D:10     | Entered Level 10 of the Dungeon
  9046 | D:10     | Reached ***** piety under Makhleb
  9241 | D:10     | Found a staircase to the Orcish Mines.
  9241 | D:10     | Found Vubolum's Weapon Shop.
  9390 | D:10     | Found Fatubb's Magic Scroll Shop.
  9773 | D:10     | Learned a level 4 spell: Leda's Liquefaction
  9993 | D:11     | Reached skill level 14 in Staves
 10098 | D:11     | Noticed a two-headed ogre
 10139 | D:11     | Killed a two-headed ogre
 10253 | D:11     | Noticed a cyclops
 10264 | D:11     | Slain by a cyclops

Illustrated notes

Levels and vault maps discovered:
D:1:      dpeg_arrival_chambers_temple_mockup, layout_basic
D:2:      layout_basic, nicolae_overflow_hidden_temple
D:3:      minmay_wonky_spiral, layout_loops_ring, columned_hall_lemuel,
          uniq_grinder, uniq_jessica
D:4:      layout_loops_ring, first_ration, serial_shops,
          nicolae_shop_window_shopping, ebering_dispersal_statue_hall,
          small_statue_alley_b, minmay_joined_circles
D:5:      layout_basic, minmay_temple_entry_enclosed_plants, serial_shops, shop,
          lemuel_flamethrower_2, uniq_blork_the_orc, uniq_edmund
D:6:      layout_basic, gammafunk_ghost_gnarly_gnolls
D:7:      layout_basic, nicolae_overflow_crystal_walls, uniq_maggie
D:8:      layout_rooms, fiery_altar_vehumet, nicolae_ashenzari_panopticon,
          okawaru_ov_weapons_minmay, marbit_many_paths
D:9:      layout_roguey, yredelemnul_altar_generic, lemuel_doored_altar,
          serial_shops, nicolae_shop_waterfront, serial_corexii_hall,
          corexii_hall_statues_l, corexii_hall_statues_deadend, david_nohive_1,
          minmay_guarded_unrand_variability
D:10:     layout_grid_maze, orc_david_3, serial_shops,
          nicolae_shop_temple_entry_statues_fountains
D:11:     layout_stronghold

Skill      XL: |  1  2  3  4  5  6  7  8  9 10 11 |
---------------+----------------------------------+-----
Staves         | 4 6 8 9 11 13 14 | 14.0
Fighting       | 3 4 6 7 9 10 11 | 11.8
Throwing       | |  1.7
Dodging        | |  2.4

Action                   |  1- 3 |  4- 6 |  7- 9 | 10-12 || total
-------------------------+-------+-------+-------+-------++-------
Melee: Quarterstaff      |   109 |   185 |   521 |   505 ||  1320
Throw: Throwing net      |     1 |     4 |       |     3 ||     8
  Use: Scroll            |     3 |     4 |    10 |    10 ||    27
       Potion            |     1 |       |       |     3 ||     4
 Stab: Distracted        |     1 |       |       |       ||     1
       Sleeping          |       |     1 |       |       ||     1
  Eat: Chunk             |       |     5 |    15 |    11 ||    31
Armor: Leather armour    |    41 |     8 |       |       ||    49
       Chain mail        |       |    96 |   240 |    96 ||   432
       Scale mail        |       |     3 |       |       ||     3
       Plate armour      |       |       |       |   199 ||   199
Dodge: Dodged            |    96 |    72 |   152 |   134 ||   454
